 Dungeon Crawl Stone Soup version 0.19-a0-1008-g4c63d25 (webtiles) character file.

13191 towersofbeng the Cleaver (level 12, -9/104 HPs)
             Began as a Hill Orc Fighter on July 24, 2016.
             Was an Initiate of Gozag.
             Mangled by a skeletal warrior
             ... wielding a +1 scimitar of electrocution
             ... led by a skeletal warrior
              (19 damage)
             ... on level 13 of the Dungeon.
             The game lasted 00:32:47 (11835 turns).

towersofbeng the Cleaver (Hill Orc Fighter)        Turns: 11835, Time: 00:32:48

Health: -9/104     AC: 21    Str: 24    XL:     12   Next: 3%
Magic:  12/12      EV:  7    Int:  8    God:    Gozag
Gold:   2756       SH:  0    Dex: 13    Spells: 0 memorised, 11 levels left

rFire  . . .     SeeInvis +     a - +1 war axe
rCold  + . .     Gourm    .     k - +1 plate armour {rC+}
rNeg   . . .     Faith    .     j - +0 shield
rPois  +         Spirit   .     E - +0 helmet
rElec  .         Dismiss  .     z - +2 cloak {rPois}
rCorr  .         Reflect  .     (no gloves)
SustAt .         Harm     .     (no boots)
MR     .....                    r - amulet of regeneration
Stlth  ..........               t - ring of see invisible
                                n - +3 ring of strength

@: confused, not resistant to hostile enchantments, extremely unstealthy
A: no striking features
a: Potion Petition, Call Merchant, Bribe Branch, Renounce Religion


You were on level 13 of the Dungeon.
You worshipped Gozag.
Gozag was most pleased with you.
You were not hungry.

You visited 1 branch of the dungeon, and saw 13 of its levels.
You also visited: Sewer.

You collected 2779 gold pieces.
You paid 23 gold pieces to Gozag.

Inventory:

Hand Weapons
 a - a +1 war axe (weapon)
 J - a +2 battleaxe
Missiles
 p - 2 curare-tipped needles
Armour
 j - a +0 shield (worn)
 k - a +1 plate armour of cold resistance (worn)
 v - the +0 cloak of This Worked Last Time {rElec rF- SInv}
   (You found it on level 8 of the Dungeon)

   It makes you vulnerable to fire.
   It insulates you from electricity.
   It lets you see invisible.
 y - a +1 ring mail of poison resistance
 z - a +2 cloak of poison resistance (worn)
 E - a +0 helmet (worn)
Jewellery
 n - a +3 ring of strength (left hand)
 o - an uncursed ring of sustain attributes
 r - an amulet of regeneration (around neck)
 t - a ring of see invisible (right hand)
 x - an uncursed amulet of harm
 B - an uncursed ring of protection from fire
Wands
 l - a wand of paralysis (9/24)
 H - a wand of random effects (42/48)
 K - a wand of flame (24/48)
 N - a wand of lightning (9/15)
Scrolls
 e - a scroll of amnesia
 g - a scroll of fear
 i - 2 scrolls of enchant weapon
 m - 4 scrolls of recharging
 q - 4 scrolls of teleportation
 F - 2 scrolls of remove curse
 G - 5 scrolls of identify
 I - a scroll of magic mapping
Potions
 c - 8 potions of curing
 d - 2 potions of ambrosia
 h - a potion of might
 s - a potion of brilliance {unknown}
 u - 2 potions of resistance
 w - a potion of magic
 A - 3 potions of heal wounds
 C - a potion of cancellation {unknown}
 D - a potion of flight {unknown}
 L - a potion of mutation {unknown}
Miscellaneous
 b - a fan of gales
Comestibles
 f - 12 bread rations


   Skills:
 + Level 9.2 Fighting
 + Level 12.7 Axes
 * Level 12.3 Armour
 + Level 2.4 Dodging
 + Level 1.8 Stealth
 + Level 10.1 Shields


You had 11 spell levels left.
You didn't know any spells.

Dungeon Overview and Level Annotations

Branches:
Dungeon (13/15)            Temple (0/1) D:5            Lair (0/6) D:9
    Orc (0/2) D:12
 Vaults: D:13-14

Altars:
Dithmenos
Elyvilon
Fedhas
Gozag
Nemelex Xobeh
Okawaru
Ru
Sif Muna
Trog
Vehumet
Yredelemnul

Shops:
D:6 }   D:9 (   D:12 ?


Message History

* * * LOW HITPOINT WARNING * * *
You are too injured to fight recklessly!
You are too injured to fight recklessly!
You are too injured to fight recklessly!
You are too injured to fight recklessly!
You are too injured to fight recklessly!
Press: ? - help, v - describe, . - travel
Here: a skeletal warrior, wielding a scimitar of electrocution (lightly damaged)
The floor.
You feel much better.
You are confused.
You feel invigorated.
The skeletal warrior hits you with a scimitar of electrocution!
* * * LOW HITPOINT WARNING * * *
You are electrocuted!
* * * LOW HITPOINT WARNING * * *
The skeletal warrior hits you but does no damage.
You are electrocuted!
You die...
Your body crumbles into a pile of gold.

$ ##.. ..#. ... .
.....####.(.. ... . .
..(....... #.. .#.
......... ##..##.#
#........ ###...#..#
#(....... #........#
##$.......
.........####$(.......
.......@$...$.........
......z......#........
##........<###........
#....##....#.........
#....# ##.............
#.... .#.....$......
#..# ..#.........#..
... #...........## ..
##..........


You could see a skeletal warrior.

Vanquished Creatures
  Josephine (D:10)
  Urug (D:10)
  An unseen horror (D:9)
  3 cyclopes
  An ugly thing (D:12)
  A komodo dragon (D:11)
  A two-headed ogre (D:9)
  2 trolls
  A wyvern (D:10)
  A spriggan (D:9)
  4 wraiths
  3 hippogriffs
  A soldier ant (D:12)
  Purgy (Sewer)
  2 black bears (D:9)
  2 wasps
  4 necrophages
  6 orc warriors
  3 ice beasts
  5 phantoms
  6 sky beasts
  5 ogres
  4 centaurs
  A crocodile (D:11)
  8 giant frogs
  2 wyvern zombies (D:8)
  A scorpion (D:7)
  8 killer bees
  A troll skeleton (D:7)
  An electric eel (D:9)
  4 howler monkeys
  2 wights (D:7)
  2 centaur zombies
  6 crimson imps
  A quasit (D:5)
  A giant frog zombie (D:13)
  4 hounds
  3 jellies
  4 gnoll shamans (D:4)
  4 human zombies (D:7)
  9 orc priests
  2 giant frog skeletons
  8 orc wizards
  2 human skeletons (D:7)
  7 iguanas
  5 worker ants
  3 sheep (D:13)
  2 ogre zombies (D:7)
  A hound zombie (D:10)
  A worker ant zombie (D:7)
  41 gnolls
  6 adders
  2 shadow imps (D:5)
  An ooze (D:6)
  An adder zombie (D:9)
  An adder skeleton (D:8)
  2 worms
  2 giant geckos
  51 orcs
  5 ball pythons
  2 giant cockroaches
  19 goblins
  19 hobgoblins
  23 jackals
  2 quokkas
  9 bats
  4 giant newts (Sewer)
  17 kobolds
  2 quokka skeletons
  4 rats
  A plant (D:4)
366 creatures vanquished.

Notes
Turn   | Place    | Note
-------+----------+-------------------------------------------
     0 | D:1      | towersofbeng the Hill Orc Fighter began the quest for the Orb.
     0 | D:1      | Reached XP level 1. HP: 19/19 MP: 1/1
    84 | D:1      | Reached XP level 2. HP: 27/27 MP: 2/2
   411 | D:1      | Reached XP level 3. HP: 33/33 MP: 3/3
   850 | D:2      | Found a deep blue altar of Sif Muna.
   858 | D:2      | Found an opulent altar of Gozag.
   864 | D:2      | Found an iron altar of Okawaru.
   885 | D:2      | Became a worshipper of Gozag Ym Sagoz the Greedy
  1229 | D:2      | Found a blossoming altar of Fedhas.
  1656 | D:3      | Reached XP level 4. HP: 38/40 MP: 4/4
  1835 | D:3      | Found an opulent altar of Gozag.
  1944 | D:3      | Reached skill level 1 in Dodging
  2004 | D:3      | Found a glowing drain.
  2014 | Sewer    | Entered a sewer
  2118 | Sewer    | Noticed Purgy
  2154 | Sewer    | Killed Purgy
  2154 | Sewer    | Reached XP level 5. HP: 13/47 MP: 5/5
  2516 | D:3      | Reached XP level 6. HP: 34/53 MP: 6/6
  2626 | D:4      | Reached skill level 5 in Shields
  2841 | D:4      | Found a shadowy altar of Dithmenos.
  3172 | D:4      | Reached skill level 5 in Armour
  3214 | D:4      | Reached XP level 7. HP: 35/60 MP: 7/7
  3228 | D:4      | HP: 3/60 [gnoll shaman/whip (4)]
  3612 | D:4      | Reached skill level 5 in Axes
  3709 | D:4      | Reached skill level 5 in Fighting
  4317 | D:5      | Entered Level 5 of the Dungeon
  4379 | D:5      | Reached XP level 8. HP: 39/68 MP: 8/8
  4633 | D:5      | Found a staircase to the Ecumenical Temple.
  5109 | D:5      | Found a deep blue altar of Sif Muna.
  5422 | D:6      | Found Emygix's Gadget Boutique.
  5767 | D:6      | Reached XP level 9. HP: 30/75 MP: 9/9
  6494 | D:7      | You fall through a shaft for 2 floors!
  6495 | D:9      | Found a bloodstained altar of Trog.
  6535 | D:9      | Found Wyn Wodwis's Weapon Shoppe.
  7305 | D:8      | Reached XP level 10. HP: 54/83 MP: 10/10
  7414 | D:8      | Reached skill level 10 in Armour
  7482 | D:8      | Got a faintly glowing cloak
  7493 | D:8      | Identified the cursed +0 cloak of This Worked Last Time {rElec rF- SInv} (You found it on level 8 of the Dungeon)
  7833 | D:8      | Reached skill level 1 in Stealth
  8633 | D:7      | Found a white marble altar of Elyvilon.
  8870 | D:7      | Found a basalt altar of Yredelemnul.
  8963 | D:7      | Reached skill level 10 in Axes
  9436 | D:9      | Found a sparkling altar of Nemelex Xobeh.
  9539 | D:9      | Found a staircase to the Lair.
  9603 | D:9      | Noticed an unseen horror
  9613 | D:9      | Killed an unseen horror
  9613 | D:9      | Reached XP level 11. HP: 92/92 MP: 11/11
  9637 | D:9      | Found a sacrificial altar of Ru.
  9637 | D:9      | Found a radiant altar of Vehumet.
  9765 | D:10     | Entered Level 10 of the Dungeon
  9871 | D:10     | Noticed Josephine
  9892 | D:10     | Killed Josephine
 10267 | D:10     | Noticed a cyclops
 10284 | D:10     | Killed a cyclops
 10478 | D:10     | Noticed Urug
 10510 | D:10     | Killed Urug
 10812 | D:11     | Noticed a cyclops
 10820 | D:11     | Killed a cyclops
 11273 | D:12     | Found a staircase to the Orcish Mines.
 11445 | D:12     | Found Solereis's Magic Scroll Shoppe.
 11475 | D:12     | Noticed a brown ugly thing
 11490 | D:12     | Killed a brown ugly thing
 11490 | D:12     | Reached skill level 10 in Shields
 11792 | D:13     | Noticed a cyclops
 11813 | D:13     | Killed a cyclops
 11813 | D:13     | Reached XP level 12. HP: 35/101 MP: 12/12
 11835 | D:13     | Mangled by a skeletal warrior

Vault maps used:
D:1:      lemuel_arrival_lava_pool
D:2:      fedhas_altar_3, minmay_overflow_temple_star_quad, first_bread
D:3:      portal_sewer_entry_d, nicolae_gozag_seed_capital
D:4:      lemuel_castle_with_subvaults, nicolae_dithmenos_shadow_blocks
D:5:      led_sif_book
D:6:      serial_shops, kennysheep_mini, roderic_roman_lattice
D:7:      corexii_shantytown, lemuel_mausoleum_altar_yredelemnul,
          kennysheep_mini_moat
D:8:      grunt_ministairs_15
D:9:      lemuel_doored_altar, gammafunk_temple_overflow_elements, lair_0_dummy,
          serial_shops, nicolae_shop_stone, minivault_20, the_bakery,
          trog_ov_bears_minmay
D:10:     uniq_josephine, uniq_urug
D:12:     minmay_klotski, orc_0_dummy, serial_shops, nicolae_shop_stone
Sewer:    sewer_co_purgy_island

Skill      XL: |  1  2  3  4  5  6  7  8  9 10 11 |
---------------+----------------------------------+-----
Axes           | 3 4 5 7 8 10 12 | 12.7
Fighting       | 4 5 6 8 9 |  9.2
Shields        | 4 5 6 7 8 9 10 | 10.1
Dodging        | 1 2 |  2.4
Armour         | 4 5 6 7 9 11 12 | 12.3
Stealth        | 1 |  1.8

Action                   |  1- 3 |  4- 6 |  7- 9 | 10-12 || total
-------------------------+-------+-------+-------+-------++-------
Melee: War axe           |   142 |   177 |   553 |   715 ||  1587
  Use: Scroll            |       |     4 |     9 |     2 ||    15
       Potion            |       |     8 |     4 |     3 ||    15
 Stab: Distracted        |       |       |     4 |     8 ||    12
  Eat: Beef jerky        |     1 |     1 |       |     3 ||     5
       Chunk             |     1 |       |       |       ||     1
       Bread ration      |       |     1 |     1 |     1 ||     3
       Meat ration       |       |       |     2 |     2 ||     4
       Pizza             |       |       |       |     1 ||     1
Armor: Scale mail        |    67 |     1 |       |       ||    68
       Plate armour      |       |   145 |   429 |   324 ||   898
Dodge: Dodged            |    67 |    52 |   151 |   149 ||   419
Block: Shield            |    93 |   121 |   328 |   380 ||   922
